 Dungeon Crawl Stone Soup version 0.23-a0-143-g1adec7b (webtiles) character file.

10 Amnesiac the Chiller (level 2, -1/19 HPs)
             Began as a Mummy Ice Elementalist on Sept 3, 2018.
             Slain by a gnoll
             ... wielding a +5 spear
              (12 damage)
             ... on level 3 of the Dungeon.
             The game lasted 00:02:29 (804 turns).

Amnesiac the Chiller (Mummy Ice Elementalist)        Turns: 804, Time: 00:02:30

Health: -1/19      AC:  2    Str: 11    XL:     2   Next: 10%
Magic:  2/5        EV: 12    Int: 14    God:
Gold:   27         SH:  0    Dex: 12    Spells: 5/6 levels left

rFire    x . .     SeeInvis .   b - +0 short sword
rCold    + . .     Gourm    .   (no shield)
rNeg     + + +     Faith    .   a - +0 robe
rPois    ∞         Spirit   .   (no helmet)
rElec    .         Reflect  .   (no cloak)
rCorr    .         Harm     .   (no gloves)
MR       .....                  (no boots)
Stlth    ++........             (no amulet)
HPRegen  0.06/turn              (no ring)
MPRegen  0.09/turn              (no ring)

@: no status effects
A: no food or potions, fire vulnerability, cold resistance 1, negative energy
resistance 3, torment resistance, unbreathing
a: no special abilities


You were on level 3 of the Dungeon.
You were not hungry.

You visited 1 branch of the dungeon, and saw 5 of its levels.

You collected 39 gold pieces.
You spent 12 gold pieces at shops.

Inventory:

Hand Weapons
 b - a +0 short sword (weapon)
Armour
 a - a +0 robe (worn)
Scrolls
 c - a scroll of noise {!r}


   Skills:
 - Level 1.5 Dodging
 - Level 1.5 Stealth
 + Level 2.8 Spellcasting
   Level 0.7 Conjurations
 * Level 2.9 Ice Magic


You had 5 spell levels left.
You knew the following spells:

 Your Spells              Type           Power        Failure   Level  Hunger
a - Freeze                Ice            ##..         6%          1    N/A

Your spell library contained the following spells:

 Spells                   Type           Power        Failure   Level  Hunger
 Throw Frost              Conj/Ice       #.....       16%         2    N/A
 Flame Tongue             Conj/Fire      #....        19%         1    N/A
 Ozocubu's Armour         Chrm/Ice       #.......     34%         3    N/A
 Throw Icicle             Conj/Ice       #.......     71%         4    N/A
 Summon Ice Beast         Ice/Summ       #.......     75%         4    N/A
 Cause Fear               Hex            #.........   91%         4    N/A
 Bolt of Fire             Conj/Fire      #.........   100%        6    N/A
 Dragon's Call            Summ           #.........   100%        9    N/A
 Dragon Form              Tmut           Unusable     N/A         7    N/A

Dungeon Overview and Level Annotations

Branches:
Dungeon (5/15)
 Temple: D:4-7

Altars:
Uskayaw

Shops:
D:4 ?


Innate Abilities, Weirdness & Mutations

You do not eat or drink.
Your flesh is vulnerable to fire.
You are immune to poison.
Your flesh is cold resistant. (rC+)
You are immune to negative energy. (rN+++)
You are immune to unholy pain and torment.
You can survive without breathing.


Message History

The hobgoblin is lightly wounded.
The hobgoblin hits you.
A kobold comes into view. It is wielding a short sword.
Casting: Freeze (safe; 7% risk of failure)
Confirm with . or Enter, or press ? or * to list all spells.
Aiming: Freeze (safe; 7% risk of failure)
Press: ? - help, Shift-Dir - straight line, f/p - hobgoblin
Aim: a hobgoblin (lightly wounded)
You freeze the hobgoblin.
The hobgoblin is heavily wounded.
The kobold shouts!
You hear a shout!
The hobgoblin barely misses you.
You hear a shout!
Casting: Freeze (safe; 7% risk of failure)
Confirm with . or Enter, or press ? or * to list all spells.
Aiming: Freeze (safe; 7% risk of failure)
Press: ? - help, Shift-Dir - straight line, f/p - hobgoblin
Aim: a hobgoblin (heavily wounded)
You freeze the hobgoblin.
You kill the hobgoblin!
Casting: Freeze (safe; 7% risk of failure)
Confirm with . or Enter, or press ? or * to list all spells.
You can't see any susceptible monsters within range! (Use Z to cast anyway.)
Casting: Freeze (safe; 7% risk of failure)
Confirm with . or Enter, or press ? or * to list all spells.
You can't see any susceptible monsters within range! (Use Z to cast anyway.)
Casting: Freeze (safe; 7% risk of failure)
Confirm with . or Enter, or press ? or * to list all spells.
You can't see any susceptible monsters within range! (Use Z to cast anyway.)
Casting: Freeze (safe; 7% risk of failure)
Confirm with . or Enter, or press ? or * to list all spells.
Aiming: Freeze (safe; 7% risk of failure)
Press: ? - help, Shift-Dir - straight line, f - kobold
Aim: a kobold, wielding a short sword You freeze the kobold.
The kobold is severely wounded.
The kobold hits you with a short sword.
Casting: Freeze (safe; 7% risk of failure)
Confirm with . or Enter, or press ? or * to list all spells.
Aiming: Freeze (safe; 7% risk of failure)
Press: ? - help, Shift-Dir - straight line, f/p - kobold
Aim: a kobold, wielding a short sword (severely wounded)
You freeze the kobold.
You kill the kobold!
Casting: Freeze (safe; 6% risk of failure)
Confirm with . or Enter, or press ? or * to list all spells.
You don't have enough magic to cast that spell.
There is a stone staircase leading up here.
A gnoll comes into view. It is wielding a club.
Things that are here:
a short sword; a kobold corpse; a hobgoblin corpse A gnoll is nearby!
A gnoll comes into view. It is wielding a flail.
There is a stone staircase leading up here.
Things that are here:
a short sword; a kobold corpse; a hobgoblin corpse A gnoll comes into view.
The gnoll shouts!
A gnoll comes into view. It is wielding an enchanted spear.
The gnoll shouts!
You hear a shout! x2
The gnoll hits you from afar with an enchanted spear.
The gnoll hits you with an enchanted spear!
Ouch! That really hurt!
You die...

#. #. # #. .#
#.#.### .
#.#...####.#
#......@g..# ####
###...###g####.....
#..## #.g>...###
#..# #.<........
##..# #.#########
#...####)#
#.#....#.#
#.####.#.#
..........#


You could see 3 gnolls.

Vanquished Creatures
  An ooze (D:1)
  2 hobgoblins
  2 kobolds (D:3)
  2 rats (D:1)
7 creatures vanquished.

Notes
Turn   | Place    | Note
-------+----------+-------------------------------------------
     0 | D:1      | Amnesiac the Mummy Ice Elementalist began the quest for the
                  | Orb.
     0 | D:1      | Reached XP level 1. HP: 13/13 MP: 4/4
   666 | D:3      | Reached XP level 2. HP: 19/19 MP: 3/5
   681 | D:4      | Found a hide-covered altar of Uskayaw.
   682 | D:4      | Found Nanamap's Magic Scroll Boutique.
   692 | D:4      | Bought a scroll of noise for 12 gold pieces
   714 | D:5      | Entered Level 5 of the Dungeon
   804 | D:3      | Slain by a gnoll

Vault maps used:
D:1:      dpeg_arrival_signposts, patterned_corridor
D:2:      tso_oasis_becter, okawaru_ov_weapons_minmay
D:3:      fedhas_altar_fruit_tree, first_ration
D:4:      lemuel_doored_altar, eat_drink_and_be_merry_uskayaw,
          kiku_gazebo_garden_becter, minmay_temple_entry_overgrown,
          serial_shops, shop, enter_ossuary_1, uniq_edmund
D:5:      yredelemnul_altar_generic, uniq_menkaure

Action                   || total
-------------------------++-------
Melee: Unarmed           ||    11
 Cast: Freeze            ||    17
  Use: Scroll            ||     1
Dodge: Dodged            ||    13

Table legend:
 A = Non-vault XP
 B = Vault XP
 C = Vault XP percentage of total XP
 D = Non-vault monster count
 E = Vault monster count
 F = Vault count percentage of total count
                 A         B        C        D         E       F
            +---------+---------+-------+---------+---------+-------
      Total |      15 |       0 |   0.0 |       7 |       0 |   0.0
            +---------+---------+-------+---------+---------+-------
        D:1 |      11 |       0 |   0.0 |       4 |       0 |   0.0
        D:3 |       4 |       0 |   0.0 |       3 |       0 |   0.0
            +---------+---------+-------+---------+---------+-------
